 Dungeon Sprint DCSS version 0.18.1-48-g4cf74bf (webtiles) character file.

3763 Joat the Black Belt (level 9, -4/93 HPs)
             Began as a Minotaur Monk on Aug 18, 2016.
             Was a High Priest of Okawaru.
             Killed from afar by a death drake (8 damage)
             ... with a foul vapour
             ... in the Dungeon (Sprint II: "The Violet Keep of Menkaure").
             The game lasted 00:11:45 (1784 turns).

Joat the Black Belt (Minotaur Monk)                 Turns: 1784, Time: 00:11:48

Health: -4/93      AC: 13    Str: 16    XL:     9   Next: 94%
Magic:  7/12       EV: 12    Int:  7    God:    Okawaru [*****.]
Gold:   1192       SH:  0    Dex: 16    Spells: 0 memorised, 8 levels left

rFire  . . .     SeeInvis .       - Unarmed
rCold  + . .     Gourm    .     s - +1 chain mail {rC+}
rNeg   . . .     Faith    .     (no shield)
rPois  .         Spirit   .     (helmet restricted)
rElec  .         Dismiss  .     u - +0 cloak
rCorr  .         Reflect  .     (no gloves)
SustAt .         Harm     .     (no boots)
MR     .....     NoTele   +     j - amulet of rage
Stlth  ..........               (no ring)
                                (no ring)

@: lethally poisoned (-4 -> -32), finesse, slowed, very slow, not resistant to
hostile enchantments, extremely unstealthy
A: retaliatory headbutt, horns 2
a: Heroism, Finesse, Renounce Religion, Evoke Berserk Rage


You were in the Dungeon.
You worshipped Okawaru.
Okawaru was extremely pleased with you.
You were not hungry.

You visited 1 branch You collected 1192 gold pieces.

Inventory:

Missiles
 t - 7 javelins of returning (quivered)
Armour
 a - a +0 robe
 s - a +1 chain mail of cold resistance (worn)
 u - a +0 cloak (worn)
Jewellery
 j - an amulet of rage (around neck)
Scrolls
 b - 4 scrolls of identify {unknown}
 g - 3 scrolls of remove curse {unknown}
 h - 2 scrolls of blinking
 n - a scroll of random uselessness {unknown}
 q - 2 scrolls of fog {unknown}
 r - a scroll of recharging {unknown}
 v - a scroll of magic mapping {unknown}
Potions
 c - 5 potions of curing
 d - 5 potions of heal wounds
 e - a potion of haste
 f - 5 potions of magic
 k - 4 potions of flight {unknown}
 o - 3 potions of resistance {unknown}
 p - 2 potions of berserk rage
Comestibles
 i - 2 beef jerkies
 l - a royal jelly
 m - 5 fruits
 w - 11 chunks of flesh


   Skills:
 + Level 13.1 Fighting
 * Level 8.3 Armour
 - Level 11.1 Dodging
 - Level 1.5 Stealth
 * Level 16.4 Unarmed Combat
 - Level 6.4 Invocations


You had 8 spell levels left.
You didn't know any spells.

Dungeon Overview and Level Annotations

Branches:
Dungeon (1/1)

Altars:
Cheibriados
Dithmenos
Elyvilon
Fedhas
Gozag
Kikubaaqudgha
Makhleb
Nemelex Xobeh
Okawaru
Pakellas
Qazlal
Ru
Sif Muna
Trog
Vehumet
Xom
Yredelemnul
Zin
The Shining One
Beogh
Jiyva
Lugonu

Annotations:
D exclusion: Roxanne, Roxanne


Innate Abilities, Weirdness & Mutations

You reflexively headbutt those who attack you in melee.
You have a pair of horns on your head.


Message History

The foul vapour engulfs you!
You are lethally poisoned!
You feel your flesh rotting away!
* * * LOW HITPOINT WARNING * * *
The swamp drake bites you.
* * * LOW HITPOINT WARNING * * *
The death drake bites you.
* * * LOW HITPOINT WARNING * * *
The death drake bites you!
* * * LOW HITPOINT WARNING * * *
The swamp drake bites you but does no damage.
Drink which item? (? for menu, Esc to quit)
You feel better.
You are engulfed in dark miasma.
You are poisoned.
* * * LOW HITPOINT WARNING * * *
x2 You feel sick.
The death drake breathes miasma at you. The foul vapour engulfs you!
You are more poisoned.
You die...

§ #.§.▓▓▓▓▓▓▓▓▓▓ z. ...
#.§§▓≈≈≈§≈§≈≈▓▓ #+++# ...
##)}▓▓▓▓▓▓▓▓▓▓▓ .... ..
.#[}▓(.......▓▓ ##+##.. #.
.#}=▓........▓▓ #...##.####
+.##k#|)▓)([...((▓▓ ..#..#....#
#..8####▓.((..[..▓▓ #.#.####..##
#kk##.#▓[.[[[.(.▓▓ ##†###.##..#
+k@#..#▓........▓▓ ##.##...#..#
#.^#..#▓...(....▓▓
÷.<.'##.'..####..##.#▓..(..()(▓▓
##.##.###...§###..§##▓▓▓▓▓▓▓+▓▓▓▓
##'###.##......≈≈≈≈≈≈≈≈≈≈≈≈≈...≈≈
#...####≈≈.§...≈#)########§###.≈≈
.)#..#≈§≈§≈≈≈§.≈#_._._...#§≈≈##≈≈
#...##§≈≈§≈≈§≈.≈#._._._..#§§≈§###
##+##≈≈§≈≈≈§≈§≈≈#_._._._.#§§§§§##


You could see 2 death drakes, a crystal guardian and 2 swamp drakes.

Vanquished Creatures
  A kraken (D)
  A siren (D)
  A yaktaur (D)
  3 polar bears (D)
  2 hippogriffs (D)
  Menkaure (D)
  A wasp (D)
  4 necrophages (D)
  3 crocodiles (D)
  3 worms (D)
  5 tentacles (D)
25 creatures vanquished.

Vanquished Creatures (others)
  A crocodile (D)
  3 tentacles (D)
  205 tentacle segments (D)
209 creatures vanquished.

Grand Total: 234 creatures vanquished

Notes
Turn   | Place    | Note
--------------------------------------------------------------
     0 | D        | Joat the Minotaur Monk began the quest for the Orb.
     0 | D        | Reached XP level 1. HP: 19/19 MP: 0/0
     1 | D        | Noticed a siren
    18 | D        | Killed a siren
    18 | D        | Reached skill level 11 in Unarmed Combat
    18 | D        | Reached XP level 2. HP: 13/36 MP: 1/1
    18 | D        | Reached XP level 3. HP: 14/41 MP: 2/2
    18 | D        | Reached XP level 4. HP: 17/49 MP: 3/3
    18 | D        | Reached XP level 5. HP: 20/56 MP: 4/4
    18 | D        | Reached XP level 6. HP: 22/62 MP: 5/5
   123 | D        | Noticed Menkaure
   125 | D        | Killed Menkaure
   258 | D        | Reached skill level 12 in Unarmed Combat
   268 | D        | Reached skill level 10 in Fighting
   268 | D        | Reached XP level 7. HP: 62/71 MP: 6/6
   309 | D        | Noticed a hippogriff
   309 | D        | Noticed a hippogriff
   313 | D        | Killed a hippogriff
   313 | D        | Reached skill level 13 in Unarmed Combat
   319 | D        | Killed a hippogriff
   319 | D        | Reached skill level 10 in Dodging
   453 | D        | Noticed a flying skull
   454 | D        | Noticed a flying skull
   458 | D        | Found a burning altar of Makhleb.
   458 | D        | Found a stormy altar of Qazlal.
   466 | D        | Found a white marble altar of Elyvilon.
   466 | D        | Found a deep blue altar of Sif Muna.
   467 | D        | Found a glowing silver altar of Zin.
   467 | D        | Found a radiant altar of Vehumet.
   467 | D        | Found a basalt altar of Yredelemnul.
   468 | D        | Found an oddly glowing altar of Pakellas.
   468 | D        | Found a viscous altar of Jiyva.
   468 | D        | Found a shadowy altar of Dithmenos.
   469 | D        | Found an opulent altar of Gozag.
   469 | D        | Found a sacrificial altar of Ru.
   469 | D        | Found an ancient bone altar of Kikubaaqudgha.
   470 | D        | Found a glowing golden altar of the Shining One.
   470 | D        | Found a bloodstained altar of Trog.
   470 | D        | Found a shimmering altar of Xom.
   471 | D        | Found a sparkling altar of Nemelex Xobeh.
   471 | D        | Found a roughly hewn altar of Beogh.
   473 | D        | Found a corrupted altar of Lugonu.
   473 | D        | Found a blossoming altar of Fedhas.
   473 | D        | Found an iron altar of Okawaru.
   473 | D        | Found a snail-covered altar of Cheibriados.
   473 | D        | Noticed a polar bear
   474 | D        | Noticed a yaktaur
   482 | D        | Became a worshipper of Warmaster Okawaru
   482 | D        | Reached * piety under Okawaru
   482 | D        | Reached ** piety under Okawaru
   490 | D        | Noticed a polar bear
   491 | D        | Noticed a polar bear
   503 | D        | Killed a polar bear
   503 | D        | Reached skill level 1 in Invocations
   503 | D        | Reached XP level 8. HP: 36/81 MP: 6/8
   508 | D        | Killed a polar bear
   508 | D        | Reached skill level 14 in Unarmed Combat
   511 | D        | Killed a polar bear
   514 | D        | Killed a yaktaur
   517 | D        | Reached *** piety under Okawaru
   517 | D        | Reached skill level 15 in Unarmed Combat
   822 | D        | Noticed a kraken
  1337 | D        | HP: 2/123 [tentacle[a kraken] (7)]
  1345 | D        | Killed a kraken
  1345 | D        | Reached **** piety under Okawaru
  1345 | D        | Received a gift from Okawaru
  1345 | D        | Reached skill level 16 in Unarmed Combat
  1345 | D        | Reached XP level 9. HP: 3/92 MP: 10/12
  1715 | D        | Reached ***** piety under Okawaru
  1743 | D        | Noticed Roxanne
  1773 | D        | Noticed a death drake
  1774 | D        | Noticed a death drake
  1775 | D        | Noticed a crystal guardian
  1784 | D        | HP: 4/93 [poisoned by a death drake (dark miasma)]
  1784 | D        | Killed from afar by a death drake

Skill      XL: |  1  2  3  4  5  6  7  8  9 |
---------------+----------------------------+-----
Fighting       | 8 10 11 13 | 13.1
Dodging        | 7 9 10 11 | 11.1
Unarmed Combat | 11 12 13 16 | 16.4
Invocations    | 1 6 |  6.4
Armour         | 7 8 |  8.3
Stealth        | |  1.5

Action                   |  1- 3 |  4- 6 |  7- 9 || total
-------------------------+-------+-------+-------++-------
Melee: Unarmed           |    15 |    27 |    75 ||   117
       Headbutt          |     3 |     5 |    20 ||    28
       Punch             |     1 |     1 |     5 ||     7
Invok: Heroism           |       |       |     1 ||     1
       Finesse           |       |       |     1 ||     1
 Abil: Evoke Berserk Rag |       |       |     1 ||     1
  Use: Potion            |       |       |     2 ||     2
  Eat: Bread ration      |       |       |     1 ||     1
Armor: Robe              |       |       |     1 ||     1
       Chain mail        |       |       |     8 ||     8
Dodge: Dodged            |       |    11 |    59 ||    70
